 Dungeon Crawl Stone Soup version 0.22.1-1-ga44c0e5 (webtiles) character file.

33 Folque the Vandal (level 3, -2/25 HPs)
             Began as a Halfling Hunter on Sept 24, 2018.
             Slain by Crazy Yiuf
             ... wielding a +4 quarterstaff of chaos
              (8 damage)
             ... on level 2 of the Dungeon.
             The game lasted 00:03:39 (941 turns).

Folque the Vandal (Halfling Hunter)                  Turns: 941, Time: 00:03:40

Health: -2/25      AC:  3    Str: 11 (13) XL:     3   Next: 47%
Magic:  3/3        EV: 14    Int:  7 (9)  God:
Gold:   96         SH:  0    Dex: 14 (15) Spells: 2/2 levels left

rFire    . . .     SeeInvis .   e - +0 short sword
rCold    . . .     Gourm    .   (shield restricted)
rNeg     . . .     Faith    .   c - +0 leather armour
rPois    .         Spirit   .   (no helmet)
rElec    .         Reflect  .   (no cloak)
rCorr    .         Harm     .   (no gloves)
MR       .....                  (no boots)
Stlth    +.........             (no amulet)
HPRegen  0.08/turn              (no ring)
MPRegen  0.08/turn              (no ring)

@: lethally poisoned (-2 -> -12)
A: small, mutation resistance 1
a: no special abilities


You were on level 2 of the Dungeon.
You were not hungry.

You visited 1 branch of the dungeon, and saw 2 of its levels.

You collected 96 gold pieces.

Inventory:

Hand Weapons
 e - a +0 short sword (weapon)
 j - a +2 dagger of venom
 w - a +1 hunting sling
Missiles
 m - a stone (quivered)
 q - 35 sling bullets
 s - 6 poisoned needles
Armour
 c - a +0 leather armour (worn)
Scrolls
 a - a scroll of identify {unknown}
 d - a scroll of fear {unknown}
 i - 4 scrolls of teleportation {unknown}
 n - a scroll of remove curse {unknown}
 p - a scroll of magic mapping {unknown}
Potions
 b - a potion of curing {unknown}
 g - a potion of invisibility {unknown}
 l - a potion of lignification {unknown}
 o - a potion of heal wounds {unknown}
 r - a potion of cancellation {unknown}
Comestibles
 f - 3 rations
 h - 4 chunks of flesh


   Skills:
 * Level 2.7 Fighting
 + Level 6.5 Slings
 - Level 2.2 Dodging
 - Level 1.1 Stealth


You had 2 spell levels left.
You didn't know any spells.
Your spell library was empty.

Dungeon Overview and Level Annotations

Branches:
Dungeon (2/15)

Altars:

Annotations:
D:2 Crazy Yiuf


Innate Abilities, Weirdness & Mutations

You are small and have problems with some larger weapons.
You are somewhat resistant to further mutation.


Message History

Crazy Yiuf barely misses you.
You closely miss Crazy Yiuf.
Crazy Yiuf is severely wounded.
Crazy Yiuf hits you with a quarterstaff of chaos.
You are poisoned.
You completely miss Crazy Yiuf.
Crazy Yiuf is severely wounded.
You feel sick.
Crazy Yiuf hits you with a quarterstaff of chaos!
Crazy Yiuf freezes you.
* * * LOW HITPOINT WARNING * * *
Wield which item (- for none, * to show all)? (? for menu, Esc to quit)
Okay, then.
It was a potion of degeneration.
There was something very wrong with that liquid.
You feel weakened.
You feel dopey.
You feel clumsy.
* * * LOW HITPOINT WARNING * * *
You feel sick.
Crazy Yiuf hits you with a quarterstaff of chaos!
You die...

...# ...#
...# ...#
##### ...#
#)(.# .#.#
#.(.#
.#.#######
.(.
..........
#g#
...#########
♣@♣♣
...........#
♣♣.♣
..########.#
♣.♣♣ ..# #.#
♣♣.♣ ..# #.#
♣♣.♣♣ ..#
#.# ♣♣...♣
.## #.#
♣....♣ .#
#.# #....#
##
#.####....#


You could see Crazy Yiuf.

Vanquished Creatures
  An ooze (D:1)
  2 dart slugs (D:1)
  A leopard gecko (D:2)
  A giant cockroach (D:1)
  2 goblins
  3 hobgoblins (D:1)
  5 kobolds
  A ball python (D:1)
  4 bats
  3 frilled lizards (D:1)
  A rat (D:1)
24 creatures vanquished.

Notes
Turn   | Place    | Note
-------+----------+-------------------------------------------
     0 | D:1      | Folque the Halfling Hunter began the quest for the Orb.
     0 | D:1      | Reached XP level 1. HP: 14/14 MP: 1/1
    44 | D:1      | Reached skill level 6 in Slings
    55 | D:1      | Reached XP level 2. HP: 8/19 MP: 2/2
   534 | D:1      | Reached XP level 3. HP: 25/25 MP: 3/3
   925 | D:2      | Found a runed door.
   930 | D:2      | Noticed Crazy Yiuf
   941 | D:2      | Slain by Crazy Yiuf

Skill      XL: |  1 |
---------------+----+-----
Slings         | 6 |  6.5
Fighting       | 2 |  2.7
Dodging        | |  2.2
Stealth        | |  1.1

Action                   || total
-------------------------++-------
Melee: Short sword       ||    99
 Fire: Hunting sling     ||     9
  Use: Potion            ||     1
Armor: Leather armour    ||    18
Dodge: Dodged            ||    75
